 Dungeon Sprint DCSS version 0.30-a0-1043-g60ff8d5f49 (webtiles) character file.

Game seed: 5909096570936897310

8000000 Danienth the Grand Master (level 27, -37/249 HPs)
             Began as a Demonspawn Gladiator on Apr 10, 2023.
             Was the Champion of Makhleb.
             Annihilated by a large bag of meat
             ... wielding a +9 giant spiked club
              (42 damage)
             ... in the Dungeon (Sprint VIII: "Arena of Blood").
             The game lasted 00:11:25 (80 turns).

Danienth the Grand Master (Demonspawn Gladiator)      Turns: 80, Time: 00:11:25

Health: -37/249    AC: 12    Str: 16    XL:     27
Magic:  50/50      EV: 44    Int: 10    God:    Makhleb [******]
Gold:   0          SH:  0    Dex: 27    Spells: 72/72 levels left

rFire   . . .      SeeInvis .    g - +∞ Axe of Woe
rCold   . . .      Faith    .    (shield currently unavailable)
rNeg    . . .      Spirit   .    a - +0 leather armour
rPois   .          Reflect  .    b - +0 helmet
rElec   .          Rampage  .    (no cloak)
rCorr   +          NoTele   +    (gloves unavailable)
Will    ++...                    (no boots)
Stlth   +++++++++                (no amulet)
HPRegen 0.61/turn                (no ring)
MPRegen 0.32/turn                (no ring)

@: mighty, agile, on berserk cooldown, slowed, very slow
A: yellow scales 3, powered by pain 3, spiny 3, black mark, bedeviling, aura of
silence, demonic touch 3
a: Renounce Religion, Minor Destruction, Lesser Servant of Makhleb, Major
Destruction, Greater Servant of Makhleb


You were in the Dungeon.
You worshipped Makhleb.
Makhleb was exalted by your worship.
You visited 1 branch

Inventory:

Hand Weapons
 g - the +∞ Axe of Woe (weapon)
   (You found it in the Dungeon)
Missiles
 c - 3 throwing nets (quivered)
 d - a javelin
Armour
 a - a +0 leather armour (worn)
 b - a +0 helmet (worn)
Jewellery
 i - a +100 ring of slaying
 k - a +200 ring of slaying
Scrolls
 j - a scroll of blinking
Potions
 e - a potion of curing
 f - a potion of heal wounds
 h - 2 potions of magic


   Skills:
 O Level 27 Fighting
 + Level 23.1(26.0) Short Blades
 + Level 20.9(25.0) Long Blades
 O Level 27 Axes
 + Level 20.9(27) Maces & Flails
 + Level 20.9(27) Polearms
 + Level 20.9(27) Staves
 + Level 20.9 Ranged Weapons
 O Level 27 Throwing
 O Level 27 Armour
 O Level 27 Dodging
 + Level 24.9 Stealth
 + Level 23.1 Shields
 O Level 27 Unarmed Combat
 + Level 23.1 Spellcasting
 + Level 24.9 Conjurations
 + Level 24.9 Hexes
 + Level 24.9 Summonings
 + Level 26.8 Necromancy
 + Level 23.1 Translocations
 + Level 23.1 Transmutations
 + Level 23.1 Fire Magic
 + Level 23.1 Ice Magic
 + Level 23.1 Air Magic
 + Level 23.1 Earth Magic
 + Level 24.9 Poison Magic
 O Level 27 Invocations
 + Level 24.9 Evocations


You had 72 spell levels left.
You didn't know any spells.
Your spell library was empty.

Dungeon Overview and Level Annotations

Branches:
Dungeon (1/1)

Altars:
Makhleb


Innate Abilities, Weirdness & Mutations

You are completely covered in yellow scales. (AC +4, rCorr)
You are powered by pain.
You are completely covered in sharp spines.
Your melee attacks may debilitate your foes.
Your hexes are more powerful.
You are surrounded by an aura of silence.
Your touch may irresistibly damage your foes and sap their willpower.


Message History

The eight-headed meat hydra calls on the powers of darkness!
The eight-headed meat hydra convulses!
The bag of meat convulses!
The meat berserker convulses!
Your body is wracked with pain!
You focus on the pain.
You feel mightier all of a sudden.
You hear a shout! x3
The large bag of meat is engulfed in blazing flames.
The meat beast moves out of view.
The bag of meat moves out of view.
You hear a shout!
A meat beast comes into view.
Items here: ))) ==.
k - a +200 ring of slaying You hear a shout! x2
The meat beast squeals, "I will feast on thy spirit!"
You hear a shout! x2
The tyrant gestures wildly while chanting.
The tyrant seems to speed up.
You hear a shout!
The large abomination closely misses you.
The eight-headed meat hydra calls on the powers of darkness!
The eight-headed meat hydra convulses!
The bag of meat convulses! x2
The meat berserker convulses! x2; The large bag of meat convulses!
Flame seeps out of the large bag of meat.
Your body is wracked with pain!
* * * LOW HITPOINT WARNING * * *
You focus on the pain.
You feel your power returning.
The meat berserker hits you with a +9 battleaxe!!!
* * * LOW HITPOINT WARNING * * *
The large abomination is engulfed in blazing flames.
The meat beast is struck by your spines.
The meat beast bites you.
* * * LOW HITPOINT WARNING * * *
The meat beast tramples you.
* * * LOW HITPOINT WARNING * * *
You hold your ground!
You hear a shout! x2
The large bag of meat is engulfed in blazing flames.
The large bag of meat barely misses you.
The large bag of meat hits you with a +9 giant spiked club!!!
You die...

.................#
..............D.W.
#...............2.
....Mo.......o..o
.....oo.){)o.....
#.XO.)))# .
#§oO)X))#
...###.X§§OO2###...
......§.###@))......
#......)LXX.).......
......#.zO..#.......
....X.#_.<._#.......
..... #.....#......#
#.z.oo2.._..........
...o.D..###.........
...###... ...###...
. #... ..#


You could see an accursed, 2 meat beasts, a tyrant (fast), 2 eight-headed meat
hydras, a sculptor of flesh, a large bag of meat (inner flame), 5 large
abominations, 4 meat berserkers and 6 bags of meat.

Vanquished Creatures
  3 hell beasts (D)
  A royal mummy (D)
  A wraith (D)
  10 vampire knights (D)
  25 ogres (D)
  6 two-headed ogres (D)
  2 liches (D)
  43 orcs (D)
  4 skeletal warriors (D)
95 creatures vanquished.

Notes
Turn   | Place    | Note
-------+----------+-------------------------------------------
     0 | D        | Found the +∞ Axe of Woe
     0 | D        | Danienth the Demonspawn Gladiator began the quest for the
                  | Orb.
     0 | D        | Reached XP level 1. HP: 16/16 MP: 1/1
     2 | D        | Noticed a meat berserker
     2 | D        | Noticed a bag of meat
     2 | D        | Noticed a bag of meat
     5 | D        | Became a worshipper of Makhleb the Destroyer
     6 | D        | Noticed a meat berserker
     7 | D        | Killed a meat berserker
     8 | D        | Reached skill level 10 in Fighting
     8 | D        | Gained mutation: You are partially covered in sharp spines.
                  | [demonic ancestry]
     8 | D        | Reached XP level 2. HP: 36/36 MP: 2/2
     8 | D        | Gained mutation: You sometimes gain a little power by
                  | taking damage. [demonic ancestry]
     8 | D        | Reached XP level 3. HP: 42/42 MP: 3/3
     8 | D        | Gained mutation: Your touch may inflict minor irresistible
                  | damage on your foes. [demonic ancestry]
     8 | D        | Reached XP level 4. HP: 48/48 MP: 4/4
     8 | D        | Reached XP level 5. HP: 54/54 MP: 5/5
     8 | D        | Gained mutation: You are mostly covered in sharp spines.
                  | [demonic ancestry]
     8 | D        | Reached XP level 6. HP: 61/61 MP: 6/6
     8 | D        | Gained mutation: You sometimes gain power by taking damage.
                  | [demonic ancestry]
     8 | D        | Reached XP level 7. HP: 67/67 MP: 7/7
     8 | D        | Reached XP level 8. HP: 73/73 MP: 8/8
     8 | D        | Gained mutation: You are powered by pain. [demonic
                  | ancestry]
     8 | D        | Reached XP level 9. HP: 79/79 MP: 9/9
     8 | D        | Gained mutation: Your touch may inflict irresistible damage
                  | on your foes. [demonic ancestry]
     8 | D        | Reached XP level 10. HP: 86/86 MP: 10/10
     8 | D        | Gained mutation: You are partially covered in yellow
                  | scales. (AC +2) [demonic ancestry]
     8 | D        | Reached XP level 11. HP: 92/92 MP: 11/11
     8 | D        | Noticed a meat berserker
    11 | D        | Killed a meat berserker
    11 | D        | Reached * piety under Makhleb
    12 | D        | Gained mutation: You are mostly covered in yellow scales.
                  | (AC +3) [demonic ancestry]
    12 | D        | Reached XP level 12. HP: 84/102 MP: 12/12
    12 | D        | Reached XP level 13. HP: 89/108 MP: 13/13
    12 | D        | Killed a meat berserker
    12 | D        | Noticed a bag of meat
    13 | D        | Noticed a meat berserker
    14 | D        | Noticed a bag of meat
    14 | D        | Noticed a bag of meat
    14 | D        | Noticed a bag of meat
    15 | D        | Killed a bag of meat
    15 | D        | Noticed a meat berserker
    16 | D        | Gained mutation: Your touch may irresistibly damage your
                  | foes and sap their willpower. [demonic ancestry]
    16 | D        | Reached XP level 14. HP: 99/119 MP: 14/14
    16 | D        | Killed a bag of meat
    16 | D        | Reached ** piety under Makhleb
    16 | D        | Noticed a bag of meat
    17 | D        | Noticed a meat berserker
    18 | D        | Noticed a meat berserker
    18 | D        | Noticed a bag of meat
    18 | D        | Noticed a meat berserker
    18 | D        | Noticed a large bag of meat
    18 | D        | Noticed a bag of meat
    19 | D        | Noticed a bag of meat
    19 | D        | Noticed a bag of meat
    19 | D        | Noticed a bag of meat
    19 | D        | Noticed a bag of meat
    19 | D        | Noticed a meat berserker
    19 | D        | Noticed a meat berserker
    20 | D        | Noticed a meat berserker
    20 | D        | Noticed a bag of meat
    20 | D        | Noticed a bag of meat
    20 | D        | Noticed a meat berserker
    20 | D        | Noticed a meat berserker
    21 | D        | Noticed a bag of meat
    21 | D        | Noticed a bag of meat
    21 | D        | Noticed a bag of meat
    21 | D        | Noticed a bag of meat
    21 | D        | Noticed a large bag of meat
    22 | D        | Killed a meat berserker
    22 | D        | Noticed a meat berserker
    22 | D        | Noticed a meat berserker
    22 | D        | Noticed a bag of meat
    22 | D        | Noticed a bag of meat
    22 | D        | Noticed a bag of meat
    23 | D        | Reached skill level 10 in Axes
    23 | D        | Killed a meat berserker
    23 | D        | Killed a meat berserker
    23 | D        | Reached *** piety under Makhleb
    23 | D        | Killed a bag of meat
    23 | D        | Killed a bag of meat
    23 | D        | Noticed a bag of meat
    23 | D        | Noticed a bag of meat
    24 | D        | Reached skill level 15 in Axes
    24 | D        | Reached skill level 15 in Throwing
    24 | D        | Gained mutation: You are completely covered in sharp
                  | spines. [demonic ancestry]
    24 | D        | Reached XP level 15. HP: 96/132 MP: 15/15
    24 | D        | Reached XP level 16. HP: 102/139 MP: 16/16
    24 | D        | Killed a meat berserker
    24 | D        | Reached **** piety under Makhleb
    24 | D        | Killed a meat berserker
    24 | D        | Killed a meat berserker
    25 | D        | Reached skill level 27 in Dodging
    25 | D        | Reached skill level 27 in Unarmed Combat
    26 | D        | Reached skill level 1 in Armour
    26 | D        | Reached XP level 17. HP: 157/157 MP: 17/17
    26 | D        | Killed a meat berserker
    26 | D        | Reached ***** piety under Makhleb
    26 | D        | Killed a meat berserker
    27 | D        | Killed a meat berserker
    27 | D        | Noticed a meat berserker
    27 | D        | Noticed a large bag of meat
    28 | D        | Reached skill level 27 in Fighting
    28 | D        | Reached skill level 27 in Axes
    28 | D        | Gained mutation: Your hexes are more powerful. [demonic
                  | ancestry]
    28 | D        | Reached XP level 18. HP: 182/182 MP: 18/18
    29 | D        | Killed a meat berserker
    29 | D        | Reached ****** piety under Makhleb
    30 | D        | Reached skill level 27 in Throwing
    30 | D        | Noticed a sculptor of flesh
    30 | D        | Noticed a meat berserker
    30 | D        | Noticed a destroyer
    32 | D        | Reached skill level 10 in Armour
    33 | D        | Killed a meat berserker
    33 | D        | Killed a meat berserker
    33 | D        | Noticed a destroyer
    34 | D        | Reached skill level 27 in Invocations
    34 | D        | Reached XP level 19. HP: 189/189 MP: 18/36
    34 | D        | Killed a large bag of meat
    36 | D        | Killed a meat berserker
    36 | D        | Noticed a destroyer
    37 | D        | Reached skill level 27 in Armour
    37 | D        | Reached XP level 20. HP: 197/197 MP: 18/37
    37 | D        | Noticed a large bag of meat
    37 | D        | Noticed a meat berserker
    38 | D        | Reached skill level 5 in Stealth
    38 | D        | Reached skill level 5 in Conjurations
    38 | D        | Reached skill level 5 in Hexes
    38 | D        | Reached skill level 5 in Summonings
    38 | D        | Reached skill level 5 in Poison Magic
    38 | D        | Reached skill level 5 in Evocations
    38 | D        | Killed a meat berserker
    39 | D        | Reached skill level 5 in Short Blades
    39 | D        | Reached skill level 5 in Long Blades
    39 | D        | Reached skill level 5 in Maces & Flails
    39 | D        | Reached skill level 5 in Polearms
    39 | D        | Reached skill level 5 in Staves
    39 | D        | Reached skill level 5 in Ranged Weapons
    39 | D        | Reached skill level 5 in Shields
    39 | D        | Reached skill level 5 in Spellcasting
    39 | D        | Reached skill level 5 in Translocations
    39 | D        | Reached skill level 5 in Transmutations
    39 | D        | Reached skill level 5 in Fire Magic
    39 | D        | Reached skill level 5 in Ice Magic
    39 | D        | Reached skill level 5 in Air Magic
    39 | D        | Reached skill level 5 in Earth Magic
    41 | D        | Killed a destroyer
    41 | D        | Killed a large bag of meat
    41 | D        | Killed a meat berserker
    42 | D        | Reached skill level 10 in Stealth
    42 | D        | Reached skill level 10 in Conjurations
    42 | D        | Reached skill level 10 in Hexes
    42 | D        | Reached skill level 10 in Summonings
    42 | D        | Reached skill level 10 in Necromancy
    42 | D        | Reached skill level 10 in Poison Magic
    42 | D        | Reached skill level 10 in Evocations
    42 | D        | Reached XP level 21. HP: 180/204 MP: 19/38
    44 | D        | Noticed a destroyer
    46 | D        | Reached skill level 10 in Short Blades
    46 | D        | Reached skill level 10 in Shields
    46 | D        | Reached skill level 10 in Spellcasting
    46 | D        | Reached skill level 10 in Translocations
    46 | D        | Reached skill level 10 in Transmutations
    46 | D        | Reached skill level 10 in Fire Magic
    46 | D        | Reached skill level 10 in Ice Magic
    46 | D        | Reached skill level 10 in Air Magic
    46 | D        | Reached skill level 10 in Earth Magic
    46 | D        | Killed a destroyer
    47 | D        | Reached skill level 10 in Long Blades
    47 | D        | Reached skill level 10 in Maces & Flails
    47 | D        | Reached skill level 10 in Polearms
    47 | D        | Reached skill level 10 in Staves
    47 | D        | Reached skill level 10 in Ranged Weapons
    47 | D        | Gained mutation: Your melee attacks may debilitate your
                  | foes. [demonic ancestry]
    47 | D        | Reached XP level 22. HP: 202/212 MP: 39/39
    47 | D        | Killed a destroyer
    48 | D        | Noticed a destroyer
    48 | D        | Noticed a large bag of meat
    51 | D        | Reached skill level 15 in Necromancy
    51 | D        | Killed a destroyer
    51 | D        | Noticed a tyrant
    52 | D        | Killed a destroyer
    52 | D        | Killed a large bag of meat
    52 | D        | Killed a large bag of meat
    52 | D        | Noticed a destroyer
    53 | D        | Reached XP level 23. HP: 151/219 MP: 39/41
    54 | D        | Reached skill level 15 in Short Blades
    54 | D        | Reached skill level 15 in Shields
    54 | D        | Reached skill level 15 in Spellcasting
    54 | D        | Reached skill level 15 in Translocations
    54 | D        | Reached skill level 15 in Transmutations
    54 | D        | Reached skill level 15 in Fire Magic
    54 | D        | Reached skill level 15 in Ice Magic
    54 | D        | Reached skill level 15 in Air Magic
    54 | D        | Reached skill level 15 in Earth Magic
    54 | D        | Killed a large bag of meat
    56 | D        | Noticed an accursed
    57 | D        | Killed a destroyer
    58 | D        | Reached XP level 24. HP: 227/227 MP: 42/43
    58 | D        | Noticed a tyrant
    61 | D        | Noticed a destroyer
    63 | D        | Reached skill level 15 in Long Blades
    63 | D        | Reached skill level 15 in Maces & Flails
    63 | D        | Reached skill level 15 in Polearms
    63 | D        | Reached skill level 15 in Staves
    63 | D        | Reached skill level 15 in Ranged Weapons
    63 | D        | Noticed a destroyer
    65 | D        | Noticed a tyrant
    67 | D        | Noticed a large bag of meat
    67 | D        | Noticed a meat beast
    67 | D        | Noticed a meat beast
    69 | D        | Noticed a dread
    69 | D        | Killed a tyrant
    70 | D        | Noticed a destroyer
    71 | D        | Killed a tyrant
    71 | D        | Killed a destroyer
    72 | D        | Gained mutation: You are completely covered in yellow
                  | scales. (AC +4, rCorr) [demonic ancestry]
    72 | D        | Reached XP level 25. HP: 234/234 MP: 44/45
    72 | D        | Noticed a large bag of meat
    72 | D        | Noticed a meat beast
    73 | D        | Killed a meat beast
    73 | D        | Killed a meat beast
    74 | D        | Reached XP level 26. HP: 242/242 MP: 45/47
    74 | D        | Killed a dread
    74 | D        | Killed a destroyer
    74 | D        | Killed a meat beast
    74 | D        | Noticed a destroyer
    76 | D        | Gained mutation: You are surrounded by an aura of silence.
                  | [demonic ancestry]
    76 | D        | Reached XP level 27. HP: 234/249 MP: 46/49
    76 | D        | Noticed a meat beast
    77 | D        | Killed a destroyer
    77 | D        | Killed an accursed
    77 | D        | Killed a large bag of meat
    77 | D        | Noticed an accursed
    78 | D        | Killed a destroyer
    78 | D        | Noticed a dread
    79 | D        | Noticed a meat beast
    80 | D        | Noticed a meat beast
    80 | D        | HP: 9/249 [meat beast (5)]
    80 | D        | Annihilated by a large bag of meat

Illustrated notes

Levels and vault maps discovered:
D:        meatsprint

Skill      XL: |  1  2  3  4  5  6  7  8  9 10 11 12 13 14 15 16 17 18 19 20 21 22 23 24 25 26 27 |
---------------+----------------------------------------------------------------------------------+-----
Fighting       | 10 12 13 16 20 27 | 27.0
Axes           | 4 6 8 15 22 27 | 27.0
Throwing       | 9 11 12 15 17 23 27 | 27.0
Dodging        | 17 19 21 26 27 | 27.0
Unarmed Combat | 17 19 22 26 27 | 27.0
Armour         | 1 4 17 27 | 27.0
Invocations    | 27 | 27.0
Short Blades   | 9 11 14 16 18 20 22 23 | 23.1
Long Blades    | 8 10 13 14 16 18 19 20 | 20.9
Maces & Flails | 8 10 13 14 16 18 20 | 20.9
Polearms       | 8 10 13 14 16 18 19 20 | 20.9
Staves         | 8 10 13 14 16 18 19 20 | 20.9
Ranged Weapons | 8 10 13 14 16 18 19 20 | 20.9
Stealth        | 10 12 16 17 19 21 23 24 | 24.9
Shields        | 9 11 14 16 18 20 22 23 | 23.1
Spellcasting   | 9 11 14 16 18 20 22 23 | 23.1
Conjurations   | 10 12 16 17 19 21 23 24 | 24.9
Hexes          | 10 12 16 17 19 21 23 24 | 24.9
Summonings     | 10 12 16 17 19 21 23 24 | 24.9
Necromancy     | 10 13 17 19 21 23 25 26 | 26.8
Translocations | 9 11 14 16 18 20 22 23 | 23.1
Transmutations | 9 11 14 16 18 20 22 23 | 23.1
Fire Magic     | 9 11 14 16 18 20 22 23 | 23.1
Ice Magic      | 9 11 14 16 18 20 22 23 | 23.1
Air Magic      | 9 11 14 16 18 20 22 23 | 23.1
Earth Magic    | 9 11 14 16 18 20 22 23 | 23.1
Poison Magic   | 10 12 16 17 19 21 23 24 | 24.9
Evocations     | 10 12 16 17 19 21 23 24 | 24.9

Action                     |  1- 3 |  4- 6 |  7- 9 | 10-12 | 13-15 | 16-18 | 19-21 | 22-24 | 25-27 || total
---------------------------+-------+-------+-------+-------+-------+-------+-------+-------+-------++-------
  Melee: Executioner's axe |     1 |       |       |     1 |     5 |     7 |    11 |    17 |     7 ||    49
 Invoke: Major Destruction |       |       |       |       |       |     2 |       |       |       ||     2
         Minor Destruction |       |       |       |       |       |       |     2 |       |       ||     2
    Use: Potion            |     1 |       |       |       |       |       |       |     1 |       ||     2
  Dodge: Dodged            |       |       |       |       |     1 |       |       |     4 |     4 ||     9

Table legend: (Time is in decaauts)
 A = Elapsed time spent in this place.
 B = Non-inter-level travel time spent in this place.
 C = Inter-level travel time spent in this place.
 D = Time resting spent in this place.
 E = Time spent auto-exploring this place.
 F = Levels seen in this place.
 G = Mean time per level.
                   A        B        C        D        E       F      G
               +--------+--------+--------+--------+--------+-----+--------+
         Total |     52 |     52 |      0 |      0 |      0 |   1 |   52.0 |
       Dungeon |     52 |     52 |      0 |      0 |      0 |   1 |   52.0 |
               +--------+--------+--------+--------+--------+-----+--------+

Top non-repeatable levels by time:
       D: 52 daAuts
